 Dungeon Crawl Stone Soup version 0.17.1-3-g152610e (webtiles) character file.

11648 Heskey the Fighter (level 11, 0/102 HPs)
             Began as a Centaur Gladiator on Apr 4, 2016.
             Was a High Priest of Okawaru.
             Slain by a manticore (8 damage)
             ... on level 11 of the Dungeon.
             The game lasted 00:31:59 (15889 turns).

Heskey the Fighter (Centaur Gladiator)             Turns: 15889, Time: 00:32:00

Health: 0/102      AC: 18    Str: 25    XL:     11   Next: 52%
Magic:  15/15      EV:  9    Int:  9    God:    Okawaru [*****.]
Gold:   834        SH:  0    Dex: 11    Spells: 0 memorised, 10 levels left

rFire  . . .     SeeInvis .     a - +4 quarterstaff
rCold  + . .     Clarity  .     I - +2 ring mail {rC+}
rNeg   . . .     SustAt   .     (shield currently unavailable)
rPois  .         Gourm    .     c - +2 helmet
rElec  .         Spirit   .     b - +0 cloak
rCorr  +         Warding  .     J - +2 pair of gloves
rMut   .         Stasis   .     (no barding)
MR     .....                    M - amulet of resist corrosion
Stlth  ..........               w - ring of invisibility
                                g - +2 ring of intelligence

@: mighty, very quick, not resistant to hostile enchantments, extremely
unstealthy
A: hooves 3, yellow scales 1, breathe flames 1, deformed body, speed 2, tough
skin 3
a: Heroism, Finesse, Renounce Religion, Breathe Fire, Evoke Invisibility


You were on level 11 of the Dungeon.
You worshipped Okawaru.
Okawaru was extremely pleased with you.
You were not hungry.

You visited 3 branches of the dungeon, and saw 13 of its levels.
You also visited: Sewer.

You collected 834 gold pieces.

Inventory:

Hand Weapons
 a - a +4 quarterstaff (weapon)
 E - a +0 shortbow
Missiles
 d - 5 throwing nets (quivered)
 A - 26 arrows of flame
 D - 131 arrows
Armour
 b - a +0 cloak (worn)
 c - a +2 helmet (worn)
 h - a +0 chain mail
 I - a +2 ring mail of cold resistance (worn)
 J - a +2 pair of gloves (worn)
Jewellery
 g - a +2 ring of intelligence (left hand)
 k - an uncursed amulet of guardian spirit
 w - a ring of invisibility (right hand)
 H - an uncursed ring of stealth {unknown}
 M - an amulet of resist corrosion (around neck)
Wands
 j - a wand of fireball (8)
 t - a wand of confusion (12)
 u - a wand of draining (10)
 K - a wand of paralysis (9)
Scrolls
 i - 3 scrolls of identify
 l - 2 scrolls of teleportation
 m - 3 scrolls of fog
 q - a scroll of amnesia
 r - 4 scrolls of magic mapping
 N - a scroll of remove curse
Potions
 s - 3 potions of flight
 x - 3 potions of invisibility
 B - a potion of cure mutation
 C - a potion of agility
 F - a potion of brilliance
Books
 o - a book of Spatial Translocations

   Spells                             Type                      Level
   a - Apportation                    Translocation                1
   b - Blink                          Translocation                2
   c - Shroud of Golubria             Charms/Translocation         2
   d - Portal Projectile              Translocation                3
   e - Teleport Other                 Translocation                3
   f - Passage of Golubria            Translocation                4
 y - a book of Maledictions

   Spells                             Type                      Level
   a - Corona                         Hexes                        1
   b - Ensorcelled Hibernation        Hexes/Ice                    2
   c - Confuse                        Hexes                        3
   d - Tukima's Dance                 Hexes                        3
   e - Dazzling Spray                 Conjuration/Hexes            3
 L - a book of Cantrips

   Spells                             Type                      Level
   a - Corona                         Hexes                        1
   b - Animate Skeleton               Necromancy                   1
   c - Summon Small Mammal            Summoning                    1
   d - Apportation                    Translocation                1
 O - a Young Poisoner's Handbook

   Spells                             Type                      Level
   a - Sting                          Conjuration/Poison           1
   b - Cure Poison                    Poison                       2
   c - Mephitic Cloud                 Conjuration/Poison/Air       3
   d - Olgreb's Toxic Radiance        Poison                       4
   e - Venom Bolt                     Conjuration/Poison           5
Comestibles
 e - 4 bread rations
 f - 8 slices of pizza
 n - a meat ration
 p - 3 beef jerkies
 z - 2 fruits


   Skills:
 * Level 11.2 Fighting
 + Level 8.7 Staves
 - Level 7.7 Bows
 - Level 2.1 Throwing
 + Level 6.6 Armour
 - Level 2.1 Dodging
 + Level 5.4 Invocations


You had 10 spell levels left.
You didn't know any spells.

Dungeon Overview and Level Annotations

Branches:
Dungeon (11/15)            Temple (1/1) D:7            Lair (1/8) D:9
    Orc (0/4) D:10

Altars:
Ashenzari
Cheibriados
Dithmenos
Elyvilon
Fedhas
Gozag
Kikubaaqudgha
Makhleb
Nemelex Xobeh
Okawaru
Qazlal
Ru
Sif Muna
Trog
Vehumet
Xom
Yredelemnul
Zin
The Shining One

Shops:
D:4 *   D:5 }


Innate Abilities, Weirdness & Mutations

You have hooves in place of feet.
Armour fits poorly on your strangely shaped body.
You cover ground very quickly.
You have extremely tough skin (AC +3).
You are partially covered in yellow scales (AC +2).
You can breathe flames.


Message History

* * * LOW HITPOINT WARNING * * *
The manticore claws you but does no damage. x2
You sock the manticore! Your kick misses the manticore.
The manticore is severely wounded.
The manticore bites you.
* * * LOW HITPOINT WARNING * * *
The manticore barely misses you. x2
You hit the manticore. You kick the manticore!
The manticore is almost dead.
The manticore bites you but does no damage.
The manticore claws you.
* * * LOW HITPOINT WARNING * * *
The manticore claws you.
* * * LOW HITPOINT WARNING * * *
Drink which item? (? for menu, Esc to quit)
You feel better.
The manticore bites you but does no damage.
The manticore claws you but does no damage.
The manticore claws you!
You die...

.. #.....# ..... #.....#
..... #.....# ###
....(##+####.....# ...
..............>..###.###
..........$......#.....#
..........>............#
..............##(.#.##.
......H@...>..##..#
......#+####+###..######
..... #.....#.......#
...# #.....##'####.# .#
#<.........## #
###'#..........
#.#.........#
#.#......###.
#.#........


You could see a manticore.

Vanquished Creatures
  Sonja (D:10)
  The ghost of juanjsm the Covert, a novice SpEn of Ashenzari (D:10)
  A cyclops (D:9)
  The ghost of Yevrel the Poker, a novice MiBe of Trog (D:7)
  A shadow (D:10)
  A wraith (D:10)
  14 yaks
  A human (D:7)
  3 basilisks (D:9)
  A hungry ghost (D:8)
  A mottled dragon (D:9)
  5 porcupines (D:9)
  Duvessa (D:4)
  Purgy (Sewer)
  6 ogres
  3 orc warriors
  2 phantoms
  A necrophage (D:10)
  A wasp (D:8)
  3 ice beasts
  A sky beast (D:10)
  6 centaurs
  5 giant frogs
  A big kobold (D:8)
  Blork the orc (D:5)
  5 crocodiles
  2 wyvern zombies
  Dowan (D:4)
  3 scorpions
  3 wights (D:10)
  5 killer bees (D:11)
  2 troll zombies (D:10)
  A centaur zombie (D:10)
  A wasp zombie (D:7)
  11 crimson imps
  A quasit (D:7)
  A giant frog zombie (D:10)
  4 jellies
  7 hounds
  2 centaur skeletons
  2 iguanas
  2 giant frog skeletons
  9 orc wizards
  2 orc priests (D:7)
  8 worker ants
  3 sheep (D:7)
  4 ogre zombies (D:10)
  4 hound skeletons
  A mummy (D:7)
  A worker ant zombie (D:5)
  8 adders
  4 river rats (D:9)
  12 gnolls
  3 shadow imps
  An ooze (D:5)
  2 adder zombies
  2 worms (D:2)
  6 giant geckos
  37 orcs
  17 bats
  5 giant cockroaches
  9 hobgoblins
  8 jackals
  8 quokkas
  A giant gecko skeleton (D:7)
  7 giant newts
  10 goblins
  A goblin skeleton (D:10)
  A goblin zombie (D:10)
  A hobgoblin skeleton (D:10)
  3 hobgoblin zombies (D:10)
  9 kobolds
  2 orc skeletons (D:10)
  11 orc zombies (D:10)
  A quokka zombie (D:9)
  10 rats
  2 butterflies (D:7)
329 creatures vanquished.

Vanquished Creatures (collateral kills)
  A phantom (D:8)
1 creature vanquished.

Vanquished Creatures (others)
  3 fungi (D:9)
  2 plants (D:9)
5 creatures vanquished.

Grand Total: 335 creatures vanquished

Notes
Turn   | Place    | Note
--------------------------------------------------------------
     0 | D:1      | Heskey the Centaur Gladiator began the quest for the Orb.
     0 | D:1      | Reached XP level 1. HP: 17/17 MP: 1/1
   228 | D:1      | Reached XP level 2. HP: 16/24 MP: 2/2
   284 | D:1      | Reached skill level 3 in Staves
   754 | D:2      | Reached skill level 1 in Armour
   784 | D:2      | Reached XP level 3. HP: 14/30 MP: 3/3
  1594 | D:2      | Found a deep blue altar of Sif Muna.
  1713 | D:3      | Reached XP level 4. HP: 24/37 MP: 4/4
  1785 | D:3      | Noticed a centaur
  1799 | D:3      | Killed a centaur
  1799 | D:3      | Reached XP level 5. HP: 2/45 MP: 1/5
  1803 | D:3      | HP: 2/45 [bat (1)]
  2187 | D:3      | Found a glowing drain.
  2196 | Sewer    | Entered a sewer
  2223 | Sewer    | Noticed Purgy
  2236 | Sewer    | Killed Purgy
  2236 | Sewer    | Reached skill level 4 in Fighting
  2236 | Sewer    | Reached XP level 6. HP: 32/52 MP: 2/6
  2660 | D:3      | Found an ancient bone altar of Kikubaaqudgha.
  3086 | D:4      | Reached skill level 1 in Bows
  3230 | D:4      | Found Juath's General Store.
  3292 | D:4      | Noticed Dowan
  3293 | D:4      | Noticed Duvessa
  3302 | D:4      | Killed Dowan
  3302 | D:4      | Reached XP level 7. HP: 48/60 MP: 5/7
  3311 | D:4      | Killed Duvessa
  3643 | D:4      | Found a shimmering altar of Xom.
  3769 | D:4      | Reached skill level 5 in Staves
  4517 | D:5      | Entered Level 5 of the Dungeon
  4593 | D:5      | Reached skill level 5 in Fighting
  4685 | D:5      | Noticed Blork the orc
  4704 | D:5      | Reached XP level 8. HP: 65/68 MP: 6/8
  4708 | D:5      | Killed Blork the orc
  4721 | D:5      | Found a white marble altar of Elyvilon.
  4784 | D:5      | Found a burning altar of Makhleb.
  4942 | D:5      | Found Gofahaebirr's Gadget Shop.
  5142 | D:6      | Reached skill level 5 in Bows
  5237 | D:6      | Reached skill level 6 in Fighting
  5251 | D:6      | Found a blossoming altar of Fedhas.
  5938 | D:6      | Found a shattered altar of Ashenzari.
  5955 | D:6      | Reached XP level 9. HP: 49/78 MP: 5/9
  6103 | D:7      | Noticed Yevrel's ghost (novice MiBe)
  6114 | D:7      | Found a staircase to the Ecumenical Temple.
  6124 | Temple   | Entered the Ecumenical Temple
  6143 | Temple   | Became a worshipper of Warmaster Okawaru
  6164 | Temple   | Gained mutation: You evolve. [potion of mutation]
  6164 | Temple   | Gained mutation: You have a pair of small antennae on your head. [potion of mutation]
  6164 | Temple   | Gained mutation: Scrolls take you a little longer to read. [potion of mutation]
  6165 | Temple   | Lost mutation: Scrolls take you a little longer to read. [potion of cure mutation]
  6165 | Temple   | Lost mutation: You have a pair of small antennae on your head. [potion of cure mutation]
  6165 | Temple   | Lost mutation: You evolve. [potion of cure mutation]
  6346 | D:7      | Paralysed by Yevrel's ghost for 2 turns
  7004 | D:7      | Killed Yevrel's ghost
  7004 | D:7      | Reached skill level 7 in Fighting
  7228 | D:7      | Found a snail-covered altar of Cheibriados.
  8143 | D:7      | Reached * piety under Okawaru
  8206 | D:7      | Reached skill level 8 in Fighting
  8651 | D:7      | Reached skill level 5 in Armour
  8815 | D:8      | Found a sparkling altar of Nemelex Xobeh.
  9131 | D:8      | Reached skill level 1 in Invocations
  9300 | D:8      | Reached XP level 10. HP: 90/90 MP: 9/11
  9310 | D:8      | Found a snail-covered altar of Cheibriados.
  9417 | D:8      | Found a bloodstained altar of Trog.
  9468 | D:8      | Reached ** piety under Okawaru
 10007 | D:9      | Found a stormy altar of Qazlal.
 10089 | D:9      | Reached skill level 9 in Fighting
 10122 | D:9      | Reached *** piety under Okawaru
 10144 | D:9      | Received a gift from Okawaru
 10637 | D:9      | Reached **** piety under Okawaru
 10637 | D:9      | Reached skill level 10 in Fighting
 10835 | D:9      | Received a gift from Okawaru
 11267 | D:9      | Noticed a cyclops
 11395 | D:9      | Killed a cyclops
 11465 | D:9      | Found a sacrificial altar of Ru.
 11546 | D:9      | Found a staircase to the Lair.
 11659 | D:9      | Reached XP level 11. HP: 90/101 MP: 14/14
 12167 | Lair:1   | Entered Level 1 of the Lair of Beasts
 12202 | D:10     | Entered Level 10 of the Dungeon
 12619 | D:10     | Reached ***** piety under Okawaru
 12685 | D:10     | Noticed Sonja
 12718 | D:10     | Killed Sonja
 13046 | D:10     | Gained mutation: You are resistant to hostile enchantments. [potion of mutation]
 13046 | D:10     | Gained mutation: Your mind is acute. (Int +2) [potion of mutation]
 13046 | D:10     | Gained mutation: You are weak. (Str -2) [potion of mutation]
 13047 | D:10     | Lost mutation: Your mind is acute. (Int +2) [potion of cure mutation]
 13047 | D:10     | Lost mutation: You are resistant to hostile enchantments. [potion of cure mutation]
 13047 | D:10     | Lost mutation: You are weak. (Str -2) [potion of cure mutation]
 13095 | D:10     | Received a gift from Okawaru
 13095 | D:10     | Reached skill level 5 in Invocations
 13184 | D:10     | Noticed juanjsm's ghost (novice SpEn)
 13892 | D:10     | Found a staircase to the Orcish Mines.
 14443 | D:10     | Killed juanjsm's ghost
 14443 | D:10     | Reached skill level 11 in Fighting
 15094 | D:10     | Received a gift from Okawaru
 15127 | D:10     | Gained mutation: You can breathe flames. [mutagenic meat]
 15128 | D:10     | Gained mutation: You are partially covered in yellow scales (AC +2). [mutagenic meat]
 15888 | D:11     | HP: 3/102 [manticore (4)]
 15889 | D:11     | Slain by a manticore

Action                   |  1- 3 |  4- 6 |  7- 9 | 10-12 || total
-------------------------+-------+-------+-------+-------++-------
Melee: Quarterstaff      |   127 |   119 |   544 |   559 ||  1349
       Unarmed           |       |       |     1 |       ||     1
 Fire: Shortbow          |       |       |    16 |    30 ||    46
  Use: Potion            |     1 |     9 |    11 |    17 ||    38
       Scroll            |       |       |    19 |     4 ||    23
 Stab: Invisible         |       |     2 |     2 |       ||     4
       Paralysed         |       |       |       |     1 ||     1
  Eat: Chunk             |     2 |     2 |    11 |    16 ||    31
       Bread ration      |       |     1 |       |     3 ||     4
       Pizza             |       |       |     1 |     2 ||     3
       Meat ration       |       |       |     1 |       ||     1
       Fruit             |       |       |       |     1 ||     1
